 Dungeon Crawl Stone Soup version 0.30-a0-305-g026cb31310 (webtiles) character file.

Game seed: 226731892834343751

811 Jhsd the Vexing (level 7, -1/32 HPs)
             Began as a Spriggan Enchanter on Oct 22, 2022.
             Was an Initiate of Dithmenos.
             Slain by an unseen horror (7 damage)
             ... on level 5 of the Dungeon.
             The game lasted 00:12:08 (4693 turns).

Jhsd the Vexing (Spriggan Enchanter)                Turns: 4693, Time: 00:12:09

Health: -1/32      AC:  3    Str:  6    XL:     7   Next: 61%
Magic:  9/18       EV: 17    Int: 17    God:    Dithmenos [......]
Gold:   225        SH:  0    Dex: 15    Spells: 6/20 levels left

rFire   . . .      SeeInvis +    a - +1 dagger (vorpal)
rCold   + . .      Faith    .    (no shield)
rNeg    . . .      Spirit   .    b - +1 robe
rPois   .          Reflect  .    (helmet restricted)
rElec   .          Harm     .    (no cloak)
rCorr   .          Rampage  .    (gloves unavailable)
Will    +....                    (boots unavailable)
Stlth   ++++......               (no amulet)
HPRegen 0.25/turn                j - ring of protection from cold
MPRegen 0.16/turn                (no ring)

@: mighty, very quick
A: very small, no large weapons, unfitting armour, see invisible, speed 3
a: Renounce Religion


You were on level 5 of the Dungeon.
You worshipped Dithmenos.
Dithmenos was noncommittal.
You visited 2 branches of the dungeon, and saw 6 of its levels.

You collected 225 gold pieces.

Inventory:

Hand Weapons
 a - a +1 vorpal dagger (weapon)
Armour
 b - a +1 robe (worn)
Jewellery
 j - a ring of protection from cold (left hand)
 l - the ring of Zaacroch {Fire Str+4}
   (You found it on level 3 of the Dungeon)

   [ring of fire]

   It enhances your fire magic.
   Str:       It affects your strength (+4).
   rF:        It protects you from fire.
   rC:        It makes you vulnerable to cold.
Scrolls
 g - 2 scrolls of teleportation
Potions
 c - 3 potions of invisibility
 d - a potion of magic
 e - a potion of lignification {unknown}
 f - a potion of flight {unknown}
 i - a potion of brilliance {unknown}
 k - 2 potions of curing {unknown}


   Skills:
 - Level 1.1 Short Blades
 - Level 2.6 Dodging
 + Level 7.3 Stealth
 + Level 7.0 Spellcasting
 + Level 7.5 Hexes


You had 6 spell levels left.
You knew the following spells:

 Your Spells              Type           Power      Damage    Failure   Level
a - Ensorcelled Hibernat  Hex/Ice        36%        N/A       3%          2
b - Tukima's Dance        Hex            31%        N/A       1%          3
c - Dazzling Flash        Conj/Hex       36%        N/A       8%          3
d - Confusing Touch       Hex            31%        N/A       1%          3
e - Summon Guardian Gole  Hex/Summ       18%        N/A       8%          3

Your spell library contained the following spells:

 Spells                   Type           Power      Damage    Failure   Level
 Beastly Appendage        Tmut           12%        N/A       12%         1
 Wereblood                Tmut           6%         N/A       17%         2
 Ignite Poison            Fire/Tmut/Pois 6%         N/A       34%         3
 Spider Form              Tmut/Pois      6%         N/A       34%         3
 Sticky Flame             Conj/Fire      6%         2d3       75%         4
 Orb of Destruction       Conj           3%         9d5       100%        7
 Spellforged Servitor     Conj/Summ      3%         N/A       100%        7
 Ignition                 Fire           3%         3d4       100%        8


Dungeon Overview and Level Annotations

Branches:
Dungeon (5/15)             Temple (1/1) D:5

Altars:
Ashenzari
Cheibriados
Dithmenos
Kikubaaqudgha
Okawaru
Zin
The Shining One

Shops:
D:3 :


Innate Abilities, Weirdness & Mutations

You are very small and have problems with some larger weapons.
You are too small for most types of armour.
You have supernaturally acute eyesight. (SInv)
You cover ground extremely quickly. (Speed+++)


Message History

Press: ? - help, Shift-Dir - straight line, f - unseen horror, p - orc warrior
Aim: an unseen horror (slightly transparent, chance to affect: 50%)
The unseen horror looks drowsy...
The orc warrior closely misses you.
The helpless unseen horror fails to defend itself.
You impale the unseen horror!!
The unseen horror is severely wounded.
The unseen horror barely misses you.
The orc warrior hits you but does no damage.
You are too injured to fight recklessly!
You are too injured to fight recklessly!
You are too injured to fight recklessly!
You are too injured to fight recklessly!
You hit the orc warrior but do no damage.
The orc warrior is almost dead.
The unseen horror hits your +0 scimitar!
Your +0 scimitar falls from the air.
The orc warrior hits you.
* * * LOW HITPOINT WARNING * * *
You feel very mighty all of a sudden. The unseen horror barely misses you.
The orc warrior hits you but does no damage.
You barely miss the orc warrior.
The orc warrior is almost dead.
The unseen horror hits you.
* * * LOW HITPOINT WARNING * * *
You barely miss the orc warrior.
The orc warrior is almost dead.
The orc warrior completely misses you. The unseen horror misses you.
Casting: Ensorcelled Hibernation (safe; 3% risk of failure)
Confirm with . or Enter, or press ? or * to list all spells.
Aiming: Ensorcelled Hibernation (safe; 3% risk of failure)
Press: ? - help, Shift-Dir - straight line, f - orc warrior, p - unseen horror
Aim: an orc warrior, wearing a +0 chain mail (almost dead, chance to affect: 50%)
The orc warrior resists with significant effort.
The unseen horror hits you but does no damage.
The orc warrior barely misses you. The orc warrior hits you.
* * * LOW HITPOINT WARNING * * *
The unseen horror hits you!
You die...

..#..............♣~.♣♣.....##.###
..#..............♣P.♣♣......#.#
..##..........(.............#.#
..##......####''####..........#
...#.....##........##.........###
##......##..........##...........
###<..##......[.....##......#.#.
# #####..............##....#.#.#
####.# .......)x@......##..#.#.#.
.....# ........o........#...#.>.#
#....# .................#..#.#.#.
##...# ................#..(#.#.#
##...# ......~~........#....#.#.
#...## ......~~........#.... ...
#..## ......($........#...# ##
#.## ................#### #.#
...............


You could see an unseen horror (invisible) and an orc warrior.

Vanquished Creatures
  A black bear (D:4)
  2 phantoms
  A necrophage (D:4)
  A scorpion (D:4)
  A hound (D:5)
  An orc priest (D:5)
  2 orc wizards (D:5)
  3 iguanas
  2 gnolls
  10 adders
  3 worms
  3 dart slugs
  3 orcs
  4 endoplasms
  3 giant cockroaches
  2 goblins
  3 hobgoblins
  2 jackals (D:2)
  2 quokkas (D:1)
  4 ball pythons
  3 bats
  A frilled lizard (D:1)
  3 kobolds
  3 rats
63 creatures vanquished.

Vanquished Creatures (collateral kills)
  An ogre (D:4)
  A gnoll (D:4)
  An orc (D:5)
3 creatures vanquished.

Vanquished Creatures (others)
  2 dancing weapons
  2 plants (D:5)
4 creatures vanquished.

Grand Total: 70 creatures vanquished

Notes
Turn   | Place    | Note
-------+----------+-------------------------------------------
     0 | D:1      | Jhsd the Spriggan Enchanter began the quest for the Orb.
     0 | D:1      | Reached XP level 1. HP: 9/9 MP: 5/5
   577 | D:1      | Reached XP level 2. HP: 13/13 MP: 7/7
   580 | D:1      | Learned a level 2 spell: Ensorcelled Hibernation
   953 | D:1      | Found a faded altar of an unknown god.
  1357 | D:2      | Reached XP level 3. HP: 16/16 MP: 6/9
  1361 | D:2      | Learned a level 3 spell: Tukima's Dance
  1365 | D:2      | Learned a level 3 spell: Confusing Touch
  1914 | D:3      | Reached XP level 4. HP: 20/21 MP: 3/11
  1992 | D:3      | Reached skill level 5 in Hexes
  2149 | D:3      | Found Baoph's Book Shop.
  2421 | D:3      | Identified the ring of Zaacroch {Fire Str+4}
  3007 | D:4      | Noticed a phantom
  3029 | D:4      | Killed a phantom
  3030 | D:4      | Reached skill level 5 in Spellcasting
  3030 | D:4      | Reached XP level 5. HP: 6/24 MP: 7/13
  3201 | D:4      | Noticed an ogre
  3227 | D:4      | Noticed a phantom
  3469 | D:4      | Learned a level 3 spell: Dazzling Flash
  3473 | D:4      | Learned a level 3 spell: Summon Guardian Golem
  3536 | D:4      | Noticed a black bear
  3564 | D:4      | Killed a black bear
  3565 | D:4      | Reached skill level 5 in Stealth
  3565 | D:4      | Reached XP level 6. HP: 27/28 MP: 11/15
  3777 | D:4      | Reached XP level 7. HP: 23/32 MP: 14/17
  3847 | D:5      | Entered Level 5 of the Dungeon
  4369 | D:5      | Found a staircase to the Ecumenical Temple.
  4378 | Temple   | Entered the Ecumenical Temple
  4393 | Temple   | Became a worshipper of Dithmenos the Shadowed
  4675 | D:5      | Noticed an unseen horror
  4693 | D:5      | Slain by an unseen horror

Illustrated notes

Levels and vault maps discovered:
D:1:      roderic_crop_circles_arrival_small, layout_basic,
          chequers_ecumenical_altar_lobes
D:2:      layout_loops_ring, nrook_campfire
D:3:      layout_basic, serial_shops, shop, corexii_corridor_pit
D:4:      layout_basic
D:5:      kennysheep_big_flooded_room, layout_layer_cave,
          minmay_temple_entry_grid, serial_bayou, serial_bayou_pond_e,
          serial_bayou_crossing, serial_bayou_lagoon_a, serial_bayou_shore_b
Temple:   eino_temple_rhombus

Skill      XL: |  1  2  3  4  5  6  7 |
---------------+----------------------+-----
Spellcasting   | 3 4 5 6 7 |  7.0
Hexes          | 4 6 7 |  7.5
Stealth        | 5 6 7 |  7.3
Short Blades   | |  1.1
Dodging        | |  2.6

Action                   |  1- 3 |  4- 6 |  7- 9 || total
-------------------------+-------+-------+-------++-------
Melee: Dagger            |    81 |    86 |    35 ||   202
       Punch             |     1 |     3 |       ||     4
 Cast: Ensorcelled Hiber |     8 |    18 |    14 ||    40
       Tukima's Dance    |       |     6 |     2 ||     8
       Confusing Touch   |       |     5 |     1 ||     6
  Use: Scroll            |     7 |     3 |       ||    10
       Potion            |       |     2 |     1 ||     3
 Stab: Sleeping          |    15 |    17 |    13 ||    45
       Distracted        |       |     1 |       ||     1
       Confused          |       |     1 |       ||     1
Armor: Robe              |     6 |     6 |     5 ||    17
Dodge: Dodged            |    58 |    53 |    30 ||   141

Table legend: (Time is in decaauts)
 A = Elapsed time spent in this place.
 B = Non-inter-level travel time spent in this place.
 C = Inter-level travel time spent in this place.
 D = Time resting spent in this place.
 E = Time spent auto-exploring this place.
 F = Levels seen in this place.
 G = Mean time per level.
                   A        B        C        D        E       F      G
               +--------+--------+--------+--------+--------+-----+--------+
         Total |   3344 |   3250 |     94 |    208 |   2436 |   6 |  557.3 |
       Dungeon |   3327 |   3241 |     86 |    208 |   2431 |   5 |  665.4 |
        Temple |     17 |     10 |      7 |      0 |      5 |   1 |   17.0 |
               +--------+--------+--------+--------+--------+-----+--------+

Top non-repeatable levels by time:
     D:4: 734 daAuts
     D:3: 725 daAuts
     D:2: 653 daAuts
     D:1: 642 daAuts
     D:5: 571 daAuts
  Temple: 17 daAuts
